 Dungeon Crawl Stone Soup version 0.26-a0-504-g0cf647090d (webtiles) character file.

Game seed: 13998788054450882590

1309 ANON1729 the Spear-Bearer (level 8, -1/64 HPs)
             Began as a Merfolk Delver on Aug 8, 2020.
             Slain by a wyvern zombie (13 damage)
             ... in an ossuary.
             The game lasted 00:13:31 (6608 turns).

ANON1729 the Spear-Bearer (Merfolk Delver)          Turns: 6608, Time: 00:13:32

Health: -1/64      AC:  5    Str: 15    XL:     8   Next: 58%
Magic:  8/8        EV: 16    Int:  9    God:
Gold:   300        SH:  0    Dex: 15    Spells: 7/7 levels left

rFire    . . .     SeeInvis .   a - +0 spear
rCold    . . .     Faith    .   (no shield)
rNeg     . . .     Spirit   .   b - +0 leather armour
rPois    .         Reflect  .   u - +0 helmet
rElec    .         Harm     .   s - +0 cloak (curse)
rCorr    .                      (no gloves)
MR       .....                  (no boots)
Stlth    ++++......             h - amulet of the acrobat
HPRegen  0.20/turn              (no ring)
MPRegen  0.11/turn              (no ring)

@: mighty
A: change form in water, swift swim, stealthy swim
a: no special abilities


You were in an ossuary.
You visited 1 branch of the dungeon, and saw 6 of its levels.
You also visited: Ossuary.

You collected 300 gold pieces.

Inventory:

Hand Weapons
 a - a +0 spear (weapon)
 e - a +2 hand axe of distortion
Armour
 b - a +0 leather armour (worn)
 d - a +0 barding
 n - a scarf of repulsion
 s - a cursed +0 cloak (worn)
 u - a +0 helmet (worn)
Jewellery
 h - an amulet of the acrobat (around neck)
 o - an uncursed amulet of magic regeneration {unknown}
Wands
 g - a wand of digging (2)
Scrolls
 c - 4 scrolls of fog
 i - 2 scrolls of enchant armour
 j - 2 scrolls of identify
 l - 3 scrolls of remove curse
 m - 3 scrolls of amnesia
Potions
 f - 5 potions of haste
 k - a potion of brilliance
 p - a potion of berserk rage
 q - a potion of heal wounds
 r - a potion of curing
 t - a potion of degeneration {unknown}
 v - a potion of stabbing {unknown}
 w - a potion of flight {unknown}


   Skills:
 + Level 6.1 Fighting
 * Level 8.8 Polearms
 + Level 6.8 Dodging
 + Level 8.0 Stealth


You had 7 spell levels left.
You didn't know any spells.
Your spell library contained the following spells:

 Spells                   Type           Power        Failure   Level
 Animate Skeleton         Necr           #.....       45%         1
 Apportation              Tloc           #.....       45%         1
 Corona                   Hex            #......      45%         1
 Summon Small Mammal      Summ           #...         45%         1


Dungeon Overview and Level Annotations

Branches:
Dungeon (6/15)             Temple (0/1) D:6         Ossuary (1/1)

Altars:
Kikubaaqudgha
Zin

Annotations:
D:3 1 runed translucent door
D:6 Grinder


Message History

The mummy barely misses you.
You completely miss the mummy.
The mummy is severely damaged.
You hit the mummy.
The mummy is almost destroyed.
The mummy hits you.
* * * LOW HITPOINT WARNING * * *
You puncture the mummy!
You destroy the mummy!
You hit the wyvern zombie.
The wyvern zombie is lightly damaged.
The wyvern zombie bites you.
* * * LOW HITPOINT WARNING * * *
You puncture the wyvern zombie!
The wyvern zombie is moderately damaged.
The wyvern zombie barely misses you.
You hit the wyvern zombie.
The wyvern zombie is heavily damaged.
The wyvern zombie bites you!
You die...

##### #..∩#
#.∩.# #.@.#
##Z##
#.'...Z.Z.....
###+#'#+#+#'#Z
#. ##


You could see 2 wyvern zombies.

Vanquished Creatures
  A water moccasin (D:6)
  A sky beast (D:6)
  A phantom (D:5)
  2 ogres (D:4)
  2 bullfrogs
  A scorpion (D:4)
  2 howler monkeys
  A bullfrog zombie (Ossuary)
  An orc priest (D:5)
  A jelly (D:5)
  A centaur skeleton (D:6)
  Jessica (D:3)
  5 orc wizards
  2 worker ants (D:4)
  4 mummies (Ossuary)
  4 gnolls
  7 adders
  A white imp (D:5)
  2 ufetubi
  An adder zombie (Ossuary)
  2 adder skeletons (D:4)
  3 worms
  A dart slug (D:2)
  3 leopard geckos
  10 orcs
  5 bats
  7 giant cockroaches
  10 goblins
  6 hobgoblins
  5 jackals
  8 kobolds
  3 quokkas
  A ball python (D:3)
  3 frilled lizards
  A jackal zombie (Ossuary)
  2 leopard gecko skeletons (D:4)
  2 quokka skeletons
  9 rats
122 creatures vanquished.

Vanquished Creatures (others)
  4 withered plants (Ossuary)
4 creatures vanquished.

Grand Total: 126 creatures vanquished

Notes
Turn   | Place    | Note
-------+----------+-------------------------------------------
     0 | D:5      | ANON1729 the Merfolk Delver began the quest for the Orb.
     0 | D:5      | Reached XP level 1. HP: 18/18 MP: 1/1
   159 | D:5      | Noticed a jelly
   233 | D:5      | Noticed a phantom
   366 | D:4      | Reached XP level 2. HP: 24/24 MP: 2/2
   383 | D:4      | Noticed a howler monkey
   407 | D:4      | Noticed a scorpion
   417 | D:4      | Noticed an ogre
   599 | D:3      | Found an ancient bone altar of Kikubaaqudgha.
   652 | D:3      | Noticed Jessica
   658 | D:3      | Killed Jessica
   658 | D:3      | Reached XP level 3. HP: 30/30 MP: 3/3
   719 | D:3      | Reached XP level 4. HP: 3/37 MP: 4/4
  1126 | D:3      | Noticed a bullfrog
  1138 | D:3      | Killed a bullfrog
  1138 | D:3      | Reached XP level 5. HP: 25/42 MP: 5/5
  1389 | D:3      | Found a glowing silver altar of Zin.
  1389 | D:3      | Noticed an angel
  1390 | D:3      | Found a runed translucent door.
  1635 | D:4      | Noticed an ogre
  3075 | D:1      | Reached skill level 5 in Polearms
  3136 | D:1      | Reached XP level 6. HP: 49/49 MP: 6/6
  3862 | D:4      | Reached skill level 5 in Dodging
  4173 | D:4      | Reached skill level 5 in Fighting
  4173 | D:4      | Reached XP level 7. HP: 56/56 MP: 7/7
  4801 | D:5      | HP: 2/56 [orc priest/divine providence (16)]
  6005 | D:6      | Reached XP level 8. HP: 63/63 MP: 8/8
  6080 | D:6      | Noticed Grinder
  6177 | D:6      | HP: 1/64 [howler monkey (7)]
  6248 | D:6      | HP: 3/64 [orc wizard/magic dart (4)]
  6249 | D:6      | HP: 1/64 [orc wizard/magic dart (2)]
  6396 | D:6      | Found a sand-covered staircase.
  6413 | Ossuary  | Entered an ossuary
  6608 | Ossuary  | Slain by a wyvern zombie

Illustrated notes

Levels and vault maps discovered:
D:1:      minmay_arrival_loop, layout_basic
D:2:      layout_rooms
D:3:      layout_rooms, kiku_gazebo_pond_becter, lemuel_angel_altar,
          uniq_jessica
D:4:      layout_loops_ring, chequers_arboretum, minmay_three_crescents
D:5:      layout_gridville
D:6:      layout_loops_ring, temple_hall, enter_ossuary_2, fedhas_altar_3,
          uniq_grinder, uniq_blork_the_orc
Ossuary:  ossuary_zaba_flooded

Skill      XL: |  1  2  3  4  5  6  7  8 |
---------------+-------------------------+-----
Dodging        | 3 4 5 6 |  6.8
Polearms       | 4 5 7 8 |  8.8
Fighting       | 4 5 6 |  6.1
Stealth        | 6 7 8 |  8.0

Action                   |  1- 3 |  4- 6 |  7- 9 || total
-------------------------+-------+-------+-------++-------
Melee: Spear             |    75 |   319 |   417 ||   811
Evoke: Wand              |       |       |     1 ||     1
  Use: Potion            |     2 |     4 |     3 ||     9
       Scroll            |       |     9 |     1 ||    10
 Stab: Sleeping          |     6 |    14 |     5 ||    25
       Distracted        |       |     1 |     2 ||     3
Armor: Leather armour    |    14 |    30 |    45 ||    89
Dodge: Dodged            |    41 |   186 |   178 ||   405

Table legend: (Time is in decaauts)
 A = Elapsed time spent in this place.
 B = Non-inter-level travel time spent in this place.
 C = Inter-level travel time spent in this place.
 D = Time resting spent in this place.
 E = Time spent auto-exploring this place.
 F = Levels seen in this place.
 G = Mean time per level.
                   A        B        C        D        E       F      G
               +--------+--------+--------+--------+--------+-----+--------+
         Total |   6462 |   6270 |    192 |   2601 |   2274 |   7 |  923.1 |
       Dungeon |   6294 |   6102 |    192 |   2494 |   2274 |   6 | 1049.0 |
       Ossuary |    167 |    167 |      0 |    107 |      0 |   1 |  167.0 |
               +--------+--------+--------+--------+--------+-----+--------+

Top non-repeatable levels by time:
     D:4: 1571 daAuts
     D:5: 1377 daAuts
     D:1: 1138 daAuts
     D:3: 1090 daAuts
     D:2: 726 daAuts
     D:6: 391 daAuts
 Ossuary: 167 daAuts
